 Dungeon Crawl Stone Soup version 0.23.2-1-ga50397a (webtiles) character file.

Game seed: 13767942970742798777

357 goulibeur the Skirmisher (level 6, -5/55 HPs)
             Began as a Draconian Berserker on May 22, 2019.
             Was a Believer of Trog.
             Killed by divine providence
             ... invoked by an orc priest
              (11 damage)
             ... on level 3 of the Dungeon.
             The game lasted 00:05:49 (2363 turns).

goulibeur the Skirmisher (Draconian Berserker)      Turns: 2363, Time: 00:05:49

Health: -5/55      AC:  7    Str: 19    XL:     6   Next: 37%
Magic:  6/6        EV: 14    Int:  7    God:    Trog [**....]
Gold:   143        SH:  0    Dex: 13    Spells: 5/5 levels left

rFire    . . .     SeeInvis .   a - +0 mace
rCold    . . .     Gourm    .   (no shield)
rNeg     . . .     Faith    .   (armour unavailable)
rPois    .         Spirit   .   (helmet restricted)
rElec    .         Reflect  .   (no cloak)
rCorr    .         Harm     .   i - +0 pair of gloves
MR       .....                  (no boots)
Stlth    +.........             (no amulet)
HPRegen  0.18/turn              (no ring)
MPRegen  0.10/turn              (no ring)

@: confused, berserk cooldown
A: unfitting armour, cold-blooded, AC +6
a: Berserk, Trog's Hand, Renounce Religion


You were on level 3 of the Dungeon.
You worshipped Trog.
Trog was pleased with you.
You were near starving.

You visited 1 branch of the dungeon, and saw 3 of its levels.

You collected 143 gold pieces.

Inventory:

Hand Weapons
 a - a +0 mace (weapon)
Missiles
 l - 7 javelins (quivered)
Armour
 i - a +0 pair of gloves (worn)
Jewellery
 m - an uncursed ring of protection from magic {unknown}
Scrolls
 c - 2 scrolls of identify {unknown}
 d - 2 scrolls of remove curse {unknown}
 e - 4 scrolls of enchant armour {unknown}
 g - a scroll of random uselessness {unknown}
 h - a scroll of amnesia {unknown}
 o - a scroll of noise {unknown}
 p - a scroll of blinking {unknown}
Potions
 j - a potion of ambrosia {unknown}
 k - a potion of magic {unknown}
 n - 3 potions of curing {unknown}
Comestibles
 b - 5 rations
 f - 6 chunks of flesh


   Skills:
 + Level 4.8 Fighting
 + Level 4.4 Maces & Flails
 + Level 2.7 Throwing
 + Level 4.0 Dodging


You had 5 spell levels left.
You didn't know any spells.
Your spell library was empty.

Dungeon Overview and Level Annotations

Branches:
Dungeon (3/15)

Altars:
Qazlal
Yredelemnul


Innate Abilities, Weirdness & Mutations

Your plain brown scales are hard. (AC +6)
You cannot fit into any form of body armour.
You are cold-blooded and may be slowed by cold attacks.


Message History

The orc wizard is almost dead.
The orc wizard points at you and mumbles some strange words.
You are confused.
You hit the orc wizard.
You kill the orc wizard!
Trog accepts your kill.
Trog appreciates your killing of a magic user.
Your Dodging skill increases to level 4!
The orc barely misses you.
You sock the orc!
You kill the orc!
Trog accepts your kill.
The orc priest hits you from afar with a +0 trident.
* * * LOW HITPOINT WARNING * * *
The orc priest closely misses you.
Items here: $ )))) [[ †††† You miss the orc priest.
The orc priest calls down the wrath of Beogh upon you.
Beogh smites you!
You die...

###....# ..#....# ..#....#
..#....# ..#<...# ..#....#
.......#
.......####################
>...............@o.........
.........####.#####......##
....####.# #+# #!....)#
....# #.# #.............#
....# #.# #..........#....
##### #.###........#o#...#
# #..##........#.. ... #
##.##........#... .. #
#####'##........#


You could see an orc priest.

Vanquished Creatures
  Sigmund (D:3)
  Jessica (D:3)
  Terence (D:3)
  Natasha (D:2)
  An orc wizard (D:3)
  2 adders
  A worm (D:3)
  2 dart slugs (D:1)
  2 leopard geckos
  8 orcs (D:3)
  5 bats
  3 giant cockroaches
  5 hobgoblins
  A quokka (D:3)
  A ball python (D:3)
  A frilled lizard (D:3)
  2 gnoll zombies (D:2)
  14 goblins
  5 kobolds
  A leopard gecko skeleton (D:2)
  4 rats
62 creatures vanquished.

Notes
Turn   | Place    | Note
-------+----------+-------------------------------------------
     0 | D:1      | goulibeur the Draconian Berserker began the quest for the
                  | Orb.
     0 | D:1      | Reached XP level 1. HP: 19/19 MP: 1/1
   292 | D:1      | Reached XP level 2. HP: 26/26 MP: 2/2
   818 | D:2      | Reached skill level 1 in Throwing
   863 | D:2      | Reached XP level 3. HP: 33/33 MP: 3/3
  1263 | D:2      | Reached ** piety under Trog
  1268 | D:2      | Found a basalt altar of Yredelemnul.
  1489 | D:3      | Noticed Natasha
  1507 | D:2      | Killed Natasha
  1507 | D:2      | Reached XP level 4. HP: 8/40 MP: 4/4
  1871 | D:3      | Noticed Sigmund
  1887 | D:3      | Killed Sigmund
  1887 | D:3      | Reached XP level 5. HP: 47/47 MP: 5/5
  2205 | D:3      | Found a stormy altar of Qazlal.
  2306 | D:3      | Noticed Terence
  2318 | D:3      | Killed Terence
  2318 | D:3      | Reached XP level 6. HP: 53/53 MP: 6/6
  2324 | D:3      | Noticed Jessica
  2333 | D:3      | Killed Jessica
  2363 | D:3      | Killed from afar by an orc priest

Skill      XL: |  1  2  3  4  5  6 |
---------------+-------------------+-----
Dodging        | 3 4 |  4.0
Throwing       | 1 2 |  2.7
Fighting       | 4 |  4.8
Maces & Flails | 4 |  4.4

Action                   |  1- 3 |  4- 6 || total
-------------------------+-------+-------++-------
Melee: Mace              |   106 |    96 ||   202
       Tailslap          |    14 |    14 ||    28
Invok: Berserk           |       |     2 ||     2
       Trog's Hand       |       |     1 ||     1
  Eat: Chunk             |     1 |     1 ||     2
       Ration            |       |     1 ||     1
Armor: Skin              |    45 |    28 ||    73
Dodge: Dodged            |    88 |    70 ||   158
